 Dungeon Sprint DCSS version 0.26-a0-800-g517d6fe721 (webtiles) character file.

Game seed: 6956858715593230628

450 sahdkjhfkaj the Thrower (level 7, -1/66 HPs)
             Began as an Ogre Hunter on Nov 12, 2020.
             Was an Initiate of Okawaru.
             Slain by Sonja
             ... wielding a +2 short sword of distortion
              (3 damage)
             ... in the Dungeon (Sprint I: "Red Sonja").
             The game lasted 00:01:02 (442 turns).

sahdkjhfkaj the Thrower (Ogre Hunter)                Turns: 442, Time: 00:01:02

Health: -1/66      AC:  3    Str: 19    XL:     7   Next: 4%
Magic:  7/7        EV: 10    Int: 12    God:    Okawaru [......]
Gold:   309        SH:  0    Dex:  9    Spells: 6/6 levels left

rFire    . . .     SeeInvis .   a - +0 short sword
rCold    . . .     Faith    .   (no shield)
rNeg     . . .     Spirit   .   b - +0 robe
rPois    .         Reflect  .   (helmet restricted)
rElec    .         Harm     .   (no cloak)
rCorr    .         Rampage  .   (gloves unavailable)
MR       .....     NoTele   +   (boots unavailable)
Stlth    +++.......             (no amulet)
HPRegen  0.21/turn              (no ring)
MPRegen  0.10/turn              (no ring)

@: no status effects
A: large, unfitting armour, tough skin 1
a: Renounce Religion


You were in the Dungeon.
You worshipped Okawaru.
Okawaru was noncommittal.
You visited 1 branch You collected 309 gold pieces.

Inventory:

Hand Weapons
 a - a +0 short sword (weapon)
Missiles
 c - 5 large rocks (quivered)
 d - a throwing net {!f}
Armour
 b - a +0 robe (worn)
Wands
 k - a wand of random effects (11)
Scrolls
 j - a scroll of blinking {!r}
Potions
 e - a potion of curing {!q}
 f - a potion of heal wounds {!q}
 g - a potion of haste {!q}
 h - 2 potions of magic {!q}
 i - a potion of berserk rage {!q}
 l - a potion of ambrosia {!q, unknown}
 m - a potion of might {!q, unknown}


   Skills:
 - Level 2.6 Fighting
 + Level 13.3 Throwing
 - Level 1.7 Dodging
 - Level 5.0 Stealth


You had 6 spell levels left.
You didn't know any spells.
Your spell library was empty.

Dungeon Overview and Level Annotations

Branches:
Dungeon (1/1)

Altars:
Cheibriados
Dithmenos
Elyvilon
Fedhas
Gozag
Hepliaklqana
Kikubaaqudgha
Nemelex Xobeh
Okawaru
Qazlal
Ru
Sif Muna
Trog
Uskayaw
Vehumet
Wu Jian
Yredelemnul
Zin
The Shining One

Shops:
D *

Annotations:
D Sonja


Innate Abilities, Weirdness & Mutations

You are too large for most types of armour.
You have tough skin. (AC +1)


Message History

Unknown command.
Unknown command.
Unknown command.
Unknown command.
Unknown command.
Unknown command.
Unknown command.
Unknown command.
You hit Sonja but do no damage.
Sonja is lightly wounded.
Sonja hits you with a +2 short sword of distortion.
* * * LOW HITPOINT WARNING * * *
Space bends around you.
* * * LOW HITPOINT WARNING * * *
Sonja hits you with a +2 short sword of distortion.
* * * LOW HITPOINT WARNING * * *
Sonja hits you with a +2 short sword of distortion!
* * * LOW HITPOINT WARNING * * *
Space bends around you.
You die...

################
#<.#..)..#..'..#
#..)..#..').#..+
#..#####'#####'#
#..####..#...#.#
#..#__####..##.#
#..#_____##'#_.+
#⌠⌠#_.∩...'..._#
####_..__##K@#'#
#_____###'#.#
####### #.###
$.$ $.$ ##.##
#+#


You could see Sonja (confused).

Vanquished Creatures
  Sigmund (D)
  A yak (D)
  An ogre (D)
  A jelly (D)
  Ijyb (D)
5 creatures vanquished.

Notes
Turn   | Place    | Note
-------+----------+-------------------------------------------
     0 | D        | sahdkjhfkaj the Ogre Hunter began the quest for the Orb.
     0 | D        | Reached XP level 1. HP: 22/22 MP: 1/1
     1 | D        | Noticed Ijyb
     3 | D        | Killed Ijyb
     3 | D        | Reached skill level 5 in Throwing
     3 | D        | Reached XP level 2. HP: 29/29 MP: 2/2
     3 | D        | Reached XP level 3. HP: 36/36 MP: 3/3
    10 | D        | Noticed an ogre
    14 | D        | Killed an ogre
    14 | D        | Reached skill level 7 in Throwing
    14 | D        | Reached skill level 5 in Stealth
    14 | D        | Reached XP level 4. HP: 23/44 MP: 4/4
   161 | D        | Noticed Sigmund
   163 | D        | Killed Sigmund
   163 | D        | Reached skill level 11 in Throwing
   163 | D        | Reached XP level 5. HP: 50/50 MP: 5/5
   163 | D        | Reached XP level 6. HP: 59/59 MP: 6/6
   179 | D        | Found an ornate altar of the Wu Jian Council.
   179 | D        | Found a shimmering blue altar of Sif Muna.
   182 | D        | Found a radiant altar of Vehumet.
   205 | D        | Found Muiruup's Assorted Antiques.
   205 | D        | Found an ancient bone altar of Kikubaaqudgha.
   205 | D        | Found a hazy altar of Hepliaklqana.
   205 | D        | Found a stormy altar of Qazlal.
   205 | D        | Found a hide-covered altar of Uskayaw.
   205 | D        | Found a blossoming altar of Fedhas.
   205 | D        | Found a bloodstained altar of Trog.
   205 | D        | Found an iron altar of Okawaru.
   205 | D        | Found a basalt altar of Yredelemnul.
   205 | D        | Found a glowing golden altar of the Shining One.
   205 | D        | Found a snail-covered altar of Cheibriados.
   205 | D        | Found a sacrificial altar of Ru.
   205 | D        | Found a glowing silver altar of Zin.
   205 | D        | Found a shadowy altar of Dithmenos.
   205 | D        | Found a white marble altar of Elyvilon.
   205 | D        | Noticed a yak
   218 | D        | Killed a yak
   218 | D        | Reached skill level 13 in Throwing
   218 | D        | Reached XP level 7. HP: 35/66 MP: 7/7
   219 | D        | Found an opulent altar of Gozag.
   221 | D        | Found a sparkling altar of Nemelex Xobeh.
   421 | D        | Became a worshipper of Warmaster Okawaru
   437 | D        | Noticed Sonja
   442 | D        | HP: 2/66 [Sonja/+2 short sword of distortion (7)]
   442 | D        | Slain by Sonja

Illustrated notes

Levels and vault maps discovered:
D:        dungeon_sprint_1 [red_sonja_temple_1, red_sonja_temple_small_1]

Skill      XL: |  1  2  3  4  5  6 |
---------------+-------------------+-----
Throwing       | 5 7 11 13 | 13.3
Stealth        | 3 5 |  5.0
Fighting       | |  2.6
Dodging        | |  1.7

Action                   |  1- 3 |  4- 6 |  7- 9 || total
-------------------------+-------+-------+-------++-------
Melee: Short sword       |       |     6 |     3 ||     9
Throw: Large rock        |     6 |     8 |       ||    14
       Throwing net      |       |     2 |       ||     2
Evoke: Wand              |       |       |     2 ||     2
Armor: Robe              |       |       |     1 ||     1
Dodge: Dodged            |     1 |     4 |     7 ||    12

Table legend: (Time is in decaauts)
 A = Elapsed time spent in this place.
 B = Non-inter-level travel time spent in this place.
 C = Inter-level travel time spent in this place.
 D = Time resting spent in this place.
 E = Time spent auto-exploring this place.
 F = Levels seen in this place.
 G = Mean time per level.
                   A        B        C        D        E       F      G
               +--------+--------+--------+--------+--------+-----+--------+
         Total |    450 |    450 |      0 |    324 |      0 |   1 |  450.0 |
       Dungeon |    450 |    450 |      0 |    324 |      0 |   1 |  450.0 |
               +--------+--------+--------+--------+--------+-----+--------+

Top non-repeatable levels by time:
       D: 450 daAuts
